 Dungeon Crawl Stone Soup version 0.19-a0-665-g79b24d5 (webtiles) character file.

436 Laan the Conjurer (level 6, -1/32 HPs)
             Began as a Deep Elf Ice Elementalist on June 16, 2016.
             Slain by a giant frog skeleton (5 damage)
             ... on level 4 of the Dungeon.
             The game lasted 00:11:34 (4422 turns).

Laan the Conjurer (Deep Elf Ice Elementalist)       Turns: 4422, Time: 00:11:35

Health: -1/32      AC:  2    Str:  8    XL:     6   Next: 68%
Magic:  0/14       EV: 13    Int: 22    God:
Gold:   180        SH:  0    Dex: 15    Spells: 2 memorised, 10 levels left

rFire  . . .     SeeInvis .     l - +3 flail (holy)
rCold  . . .     Gourm    .     a - +0 robe
rNeg   . . .     Faith    .     (no shield)
rPois  .         Spirit   .     (no helmet)
rElec  .         Dismiss  .     (no cloak)
rCorr  .         Reflect  .     (no gloves)
SustAt .         Harm     .     (no boots)
MR     .....                    (no amulet)
Stlth  ++........               (no ring)
                                g - +3 ring of strength (curse)

@: not resistant to hostile enchantments, unstealthy
A: no striking features
a: no special abilities


You were on level 4 of the Dungeon.
You were not hungry.

You visited 1 branch of the dungeon, and saw 4 of its levels.

You collected 180 gold pieces.

Inventory:

Hand Weapons
 l - a +3 flail of holy wrath (weapon)
Armour
 a - a +0 robe (worn)
Jewellery
 g - a cursed +3 ring of strength (left hand)
Scrolls
 d - a scroll of teleportation {unknown}
 e - 2 scrolls of immolation {unknown}
 f - 2 scrolls of remove curse {unknown}
 i - 3 scrolls of noise {unknown}
 j - 3 scrolls of identify {unknown}
 k - 2 scrolls of recharging {unknown}
 m - a scroll of enchant armour {unknown}
 p - a scroll of magic mapping {unknown}
Potions
 n - a potion of brilliance {unknown}
Books
 b - a book of Frost

   Spells                             Type                      Level
   a - Freeze                         Ice                          1
   b - Throw Frost                    Conjuration/Ice              2
   c - Ozocubu's Armour               Charms/Ice                   3
   d - Throw Icicle                   Conjuration/Ice              4
   e - Summon Ice Beast               Ice/Summoning                4
Comestibles
 c - 3 bread rations
 h - a meat ration
 o - 3 chunks of flesh


   Skills:
 - Level 2.4 Dodging
 - Level 2.4 Stealth
 + Level 4.2 Spellcasting
 * Level 7.2 Conjurations
 - Level 3.2 Ice Magic


You had 10 spell levels left.
You knew the following spells:

 Your Spells              Type           Power        Failure   Level  Hunger
a - Throw Frost           Conj/Ice       ####..       1%          2    #......
b - Freeze                Ice            ###.         3%          1    None


Dungeon Overview and Level Annotations

Branches:
Dungeon (4/15)
 Temple: D:4-7

Altars:
Ashenzari
Dithmenos
Okawaru
Zin

Annotations:
D:4 Robin


Message History

Aim: a giant frog skeleton You freeze the giant frog skeleton.
The giant frog skeleton resists.
The giant frog skeleton hits you.
* * * LOW HITPOINT WARNING * * *
Casting: Freeze
Confirm with . or Enter, or press ? or * to list all spells.
Aiming: Freeze
Press: ? - help, Shift-Dir - straight line, f/p - giant frog skeleton
Aim: a giant frog skeleton You freeze the giant frog skeleton.
The giant frog skeleton resists.
The giant frog skeleton hits you but does no damage.
Casting: Freeze
Confirm with . or Enter, or press ? or * to list all spells.
Aiming: Freeze
Press: ? - help, Shift-Dir - straight line, f/p - giant frog skeleton
Aim: a giant frog skeleton You freeze the giant frog skeleton.
The giant frog skeleton completely resists.
The giant frog skeleton misses you. The giant frog skeleton hits you.
You die...

#......#
#.#......#########+#
#......# #.########
#......# #.#
#.....)###.#
#......'...#
#......###.# ###......#
#.#
###...########.######.#
..#...# #.....@.....#
#.#...# #.#####Z###.#
#.#...## # .# #.'....#
.# ###....# .# #....#
.# ###.##.# ..
.##.######### .#
.##.........#


You could see a giant frog skeleton.

Vanquished Creatures
  The ghost of nago the Charlatan, an amateur OpAr (D:3)
  A hound (D:4)
  Terence (D:2)
  2 iguanas (D:4)
  A worker ant (D:4)
  3 gnolls (D:2)
  8 adders
  2 worms
  2 dart slugs
  3 giant geckos
  4 orcs (D:3)
  2 bats
  8 giant cockroaches
  7 hobgoblins
  5 jackals
  A giant gecko zombie (D:3)
  5 giant newts
  13 goblins
  8 kobolds
  7 rats
84 creatures vanquished.

Notes
Turn   | Place    | Note
--------------------------------------------------------------
     0 | D:1      | Laan the Deep Elf Ice Elementalist began the quest for the Orb.
     0 | D:1      | Reached XP level 1. HP: 10/10 MP: 6/6
   353 | D:1      | Reached XP level 2. HP: 11/15 MP: 3/9
   357 | D:1      | Learned a level 2 spell: Throw Frost
   919 | D:2      | Reached skill level 2 in Conjurations
   997 | D:2      | Found a shattered altar of Ashenzari.
  1202 | D:2      | Noticed Terence
  1222 | D:2      | Killed Terence
  1222 | D:2      | Reached skill level 3 in Conjurations
  1222 | D:2      | Reached XP level 3. HP: 19/19 MP: 0/10
  1753 | D:2      | Reached XP level 4. HP: 24/24 MP: 7/12
  1830 | D:2      | Reached skill level 4 in Conjurations
  1962 | D:2      | Found a shadowy altar of Dithmenos.
  2775 | D:3      | Reached XP level 5. HP: 28/28 MP: 6/13
  2782 | D:3      | Reached skill level 5 in Conjurations
  2947 | D:3      | Found a faded altar of an unknown god.
  2980 | D:3      | Noticed nago's ghost (amateur OpAr)
  2986 | D:3      | Killed nago's ghost
  2986 | D:3      | Reached skill level 6 in Conjurations
  2986 | D:3      | Reached XP level 6. HP: 32/32 MP: 2/14
  3247 | D:3      | Found a glowing silver altar of Zin.
  3250 | D:3      | Found an iron altar of Okawaru.
  3955 | D:4      | Reached skill level 7 in Conjurations
  4176 | D:4      | Noticed Robin
  4422 | D:4      | Slain by a giant frog skeleton

Vault maps used:
D:1:      evilmike_arrival_hilbert_curve
D:2:      lemuel_round_altar, first_bread, st_stairs_13,
          evilmike_ruin_ashenzari, uniq_terence
D:3:      grunt_temple_overflow_open, ecumenical_altar_2, kennysheep_doodads,
          minmay_misc_feat_square
D:4:      mumra_celtic_spiral_tile, uniq_robin

Skill      XL: |  1  2  3  4  5  6 |
---------------+-------------------+-----
Spellcasting   | 4 |  4.2
Conjurations   | 3 4 6 7 |  7.2
Dodging        | |  2.4
Stealth        | |  2.4
Ice Magic      | |  3.2

Action                   |  1- 3 |  4- 6 || total
-------------------------+-------+-------++-------
Melee: Flail             |    11 |    16 ||    27
 Cast: Freeze            |    24 |    83 ||   107
       Throw Frost       |    18 |    46 ||    64
  Use: Potion            |     2 |       ||     2
 Stab: Sleeping          |       |     6 ||     6
  Eat: Chunk             |     3 |     9 ||    12
Armor: Robe              |     1 |     7 ||     8
Dodge: Dodged            |    10 |    42 ||    52
